 Dungeon Crawl Stone Soup version 0.18.1-48-g4cf74bf (webtiles) character file.

190 Lennu the Firebug (level 5, -3/30 HPs)
             Began as a Gargoyle Fire Elementalist on June 30, 2016.
             Slain by Anmu's ghost (5 damage)
             ... on level 3 of the Dungeon.
             The game lasted 00:14:38 (3033 turns).

Lennu the Firebug (Gargoyle Fire Elementalist)      Turns: 3033, Time: 00:14:39

Health: -3/30      AC: 12    Str: 11    XL:     5   Next: 69%
Magic:  0/9        EV: 12    Int: 17    God:
Gold:   116        SH:  0    Dex: 10    Spells: 2 memorised, 4 levels left

rFire  . . .     SeeInvis .     k - +0 dagger (protect)
rCold  + . .     Gourm    .     c - +0 robe {rC+}
rNeg   + . .     Faith    .     (no shield)
rPois  ∞         Spirit   .     (no helmet)
rElec  +         Dismiss  .     (no cloak)
rCorr  .         Reflect  .     g - +0 pair of gloves
SustAt .         Harm     .     (no boots)
MR     .....                    (no amulet)
Stlth  ++........               (no ring)
                                (no ring)

@: very slightly contaminated, not resistant to hostile enchantments, unstealthy
A: negative energy resistance 1, electricity resistance, unbreathing,
petrification resistance, rot immunity, AC +4
a: no special abilities


You were on level 3 of the Dungeon.
You were not hungry.

You visited 1 branch of the dungeon, and saw 3 of its levels.

You collected 116 gold pieces.

Inventory:

Hand Weapons
 e - a +0 spear
 k - a +0 dagger of protection (weapon)
 x - a +2 antimagic mace
Armour
 a - a +0 robe
 c - a +0 robe of cold resistance (worn)
 g - a +0 pair of gloves (worn)
 o - a +0 leather armour
Jewellery
 u - an uncursed ring of ice
Scrolls
 h - a scroll of remove curse {unknown}
 i - a scroll of fog {unknown}
 l - a scroll of amnesia {unknown}
 r - 3 scrolls of identify {unknown}
 s - 4 scrolls of teleportation {unknown}
 w - a scroll of fear {unknown}
 y - a scroll of enchant armour {unknown}
 C - a scroll of blinking {unknown}
Potions
 d - a potion of brilliance {unknown}
 j - a potion of might {unknown}
 m - a potion of flight {unknown}
 n - a potion of degeneration {unknown}
 p - a potion of agility {unknown}
 t - a potion of heal wounds {unknown}
 z - a potion of resistance {unknown}
Books
 b - a book of Flames

   Spells                             Type                      Level
   a - Flame Tongue                   Conjuration/Fire             1
   b - Throw Flame                    Conjuration/Fire             2
   c - Conjure Flame                  Conjuration/Fire             3
   d - Inner Flame                    Hexes/Fire                   3
   e - Sticky Flame                   Conjuration/Fire             4
   f - Fireball                       Conjuration/Fire             5
Comestibles
 f - 3 beef jerkies
 q - 2 fruits
 v - a bread ration
 A - a meat ration
 B - 9 chunks of flesh


   Skills:
 * Level 1.9 Fighting
 * Level 1.3 Armour
 * Level 2.4 Dodging
 - Level 2.2 Stealth
 + Level 2.7 Spellcasting
 + Level 2.1 Conjurations
 * Level 4.0 Fire Magic


You had 4 spell levels left.
You knew the following spells:

 Your Spells              Type           Power        Failure   Level  Hunger
a - Flame Tongue          Conj/Fire      ##...        6%          1    #......
b - Sticky Flame          Conj/Fire      ##......     58%         4    #####..


Dungeon Overview and Level Annotations

Branches:
Dungeon (3/15)

Altars:
Gozag
Pakellas
The Shining One

Annotations:
D:3 Anmu's ghost, amateur FoCK


Innate Abilities, Weirdness & Mutations

You are resistant to torment.
Your stone body is resilient (AC +4).
You are immune to poison.
You resist negative energy.
You are resistant to electric shocks.
You can survive without breathing.
You are immune to petrification.
You are immune to rotting.


Message History

Anmu's ghost hits you.
You closely miss Anmu's ghost.
Anmu's ghost is severely damaged.
Anmu's ghost hits you.
* * * LOW HITPOINT WARNING * * *
You hit Anmu's ghost.
Anmu's ghost is severely damaged.
Anmu's ghost closely misses you.
You hit Anmu's ghost.
Anmu's ghost is severely damaged.
You flicker back into view.
Anmu's ghost hits you but does no damage.
You closely miss Anmu's ghost.
Anmu's ghost is severely damaged.
Anmu's ghost hits you.
* * * LOW HITPOINT WARNING * * *
You hit Anmu's ghost but do no damage.
Anmu's ghost is severely damaged.
Anmu's ghost hits you.
You die...

#8..#........######.#
###########.## #.##
.# #.#######.# .#
#.......... .#
#.######### .# #.# .#
#.# ####.# #.#
#.@W.####.#
#.#####...# #
#.#####.#### #
#..........# #
#..####.##.# # #..#
#.##.# # #..# #.##.#
# #..# #.##.# # #..#
#....#


You could see Anmu's ghost.

Vanquished Creatures
  Jessica (D:3)
  Ijyb (D:3)
  3 gnolls (D:3)
  4 adders (D:2)
  An adder skeleton (D:3)
  2 worms
  7 giant geckos
  A giant cockroach (D:1)
  8 goblins
  10 hobgoblins
  7 kobolds
  A ball python (D:2)
  4 bats
  5 giant newts
  10 rats
65 creatures vanquished.

Notes
Turn   | Place    | Note
--------------------------------------------------------------
     0 | D:1      | Lennu the Gargoyle Fire Elementalist began the quest for the Orb.
     0 | D:1      | Reached XP level 1. HP: 10/10 MP: 3/3
   475 | D:1      | Reached XP level 2. HP: 13/15 MP: 1/5
   848 | D:1      | Reached XP level 3. HP: 15/19 MP: 1/6
  1441 | D:2      | Reached skill level 1 in Fighting
  1520 | D:2      | Reached XP level 4. HP: 23/25 MP: 2/7
  2241 | D:3      | Noticed Ijyb
  2249 | D:3      | Killed Ijyb
  2249 | D:3      | Reached skill level 1 in Armour
  2366 | D:3      | Found an opulent altar of Gozag.
  2444 | D:3      | Found an oddly glowing altar of Pakellas.
  2477 | D:3      | Reached XP level 5. HP: 29/29 MP: 8/8
  2491 | D:3      | Noticed Jessica
  2518 | D:3      | Killed Jessica
  2781 | D:3      | Found a glowing golden altar of the Shining One.
  2821 | D:3      | Reached skill level 4 in Fire Magic
  2831 | D:3      | Learned a level 4 spell: Sticky Flame
  3000 | D:3      | Noticed Anmu's ghost (amateur FoCK)
  3033 | D:3      | Slain by Anmu's ghost

Skill      XL: |  1  2  3  4  5 |
---------------+----------------+-----
Fighting       | 1 |  1.9
Dodging        | 2 |  2.4
Armour         | 1 |  1.3
Conjurations   | 2 |  2.1
Fire Magic     | 4 |  4.0
Stealth        | |  2.2
Spellcasting   | |  2.7

Action                   |  1- 3 |  4- 6 || total
-------------------------+-------+-------++-------
Melee: Unarmed           |    32 |       ||    32
       Spear             |     9 |       ||     9
       Dagger            |    56 |    64 ||   120
 Cast: Flame Tongue      |    38 |    68 ||   106
 Stab: Sleeping          |     2 |     1 ||     3
  Eat: Chunk             |     1 |     2 ||     3
       Bread ration      |     1 |       ||     1
Armor: Robe              |    21 |    13 ||    34
       Leather armour    |     8 |    24 ||    32
Dodge: Dodged            |    58 |    41 ||    99
